 Dungeon Crawl Stone Soup version 0.19-a0-1051-gdb7e7f8 (webtiles) character file.

32 Jmtri7 the Sneak (level 3, -1/18 HPs)
             Began as a Vine Stalker Assassin on Aug 1, 2016.
             Slain by a goblin (2 damage)
             ... on level 2 of the Dungeon.
             The game lasted 00:03:00 (820 turns).

Jmtri7 the Sneak (Vine Stalker Assassin)             Turns: 820, Time: 00:03:00

Health: -1/18      AC:  3    Str: 13    XL:     3   Next: 27%
Magic:  0/4        EV:  6    Int: 11    God:
Gold:   78         SH:  0    Dex: 16    Spells: 0 memorised, 2 levels left

rFire  . . .     SeeInvis .     a - +2 dagger
rCold  . . .     Gourm    .     c - +0 robe
rNeg   . . .     Faith    .     (no shield)
rPois  .         Spirit   +     (no helmet)
rElec  .         Dismiss  .     d - +0 cloak
rCorr  .         Reflect  .     (no gloves)
SustAt .         Harm     .     (no boots)
MR     .....                    (no amulet)
Stlth  +++.......               (no ring)
                                (no ring)

@: not resistant to hostile enchantments, fairly stealthy
A: fangs 2, regeneration 1, magic shield, antimagic bite, no device heal 3, rot
immunity
a: no special abilities


You were on level 2 of the Dungeon.
You were not hungry.

You visited 1 branch of the dungeon, and saw 2 of its levels.

You collected 78 gold pieces.

Inventory:

Hand Weapons
 a - a +2 dagger (weapon)
 b - a +0 blowgun
Missiles
 e - 8 poisoned needles
 f - 2 curare-tipped needles
Armour
 c - a +0 robe (worn)
 d - a +0 cloak (worn)
Scrolls
 i - 2 scrolls of identify {unknown}
 j - a scroll of fear {unknown}
 m - a scroll of noise {unknown}
 n - 3 scrolls of fog {unknown}
 o - a scroll of enchant weapon {unknown}
 p - a scroll of magic mapping {unknown}
 q - a scroll of teleportation {unknown}
 r - a scroll of enchant armour {unknown}
Potions
 h - 3 potions of curing
 k - a potion of haste {unknown}
Comestibles
 g - a bread ration
 l - 3 chunks of flesh


   Skills:
 - Level 1.7 Fighting
 - Level 1.7 Short Blades
 - Level 1.7 Throwing
 - Level 0.7 Dodging
 + Level 6.3 Stealth


You had 2 spell levels left.
You didn't know any spells.

Dungeon Overview and Level Annotations

Branches:
Dungeon (2/15)

Altars:


Innate Abilities, Weirdness & Mutations

You have extremely sharp teeth.
Your natural rate of healing is unusually fast.
When hurt, damage is shared between your health and your magic reserves.
Your bite disrupts and absorbs the magic of your enemies.
Potions and wands cannot restore your health.
You are immune to rotting.


Message History

The jackal is almost dead.
The jackal completely misses you. The jackal bites you.
You closely miss the jackal. Your bite misses the jackal.
The jackal is severely wounded.
The jackal misses you.
You closely miss the jackal. You bite the jackal. You drain its power.
The jackal is almost dead.
The jackal closely misses you.
You hit the jackal.
You kill the jackal!
There is a stone staircase leading down here.
You climb downwards.
The gnoll hits you. The gnoll barely misses you.
The gnoll hits you but does no damage. The gnoll barely misses you.
The gnoll hits you with a club.
* * * LOW HITPOINT WARNING * * *
There is a stone staircase leading up here.
The gnoll hits you with a flail.
* * * LOW HITPOINT WARNING * * *
The goblin hits you.
You die...

###.## .... #..#
#..# # # ######..#
.###.#
.....#..###......
## #..........#
#...##..gg......#
#.....K@......+
.#.#####.gg......#
>.%...............#
.#........#####.###
.....#.#### .# ....
#. # ... .. .r ##.
. $.


You could see 3 gnolls, a goblin and a kobold.

Vanquished Creatures
  An adder (D:1)
  A dart slug (D:1)
  3 bats
  4 hobgoblins (D:1)
  2 jackals (D:1)
  4 kobolds (D:1)
  4 giant newts (D:1)
  A goblin (D:1)
  A rat (D:1)
21 creatures vanquished.

Notes
Turn   | Place    | Note
-------+----------+-------------------------------------------
     0 | D:1      | Jmtri7 the Vine Stalker Assassin began the quest for the Orb.
     0 | D:1      | Reached XP level 1. HP: 11/11 MP: 2/2
    68 | D:1      | Reached skill level 5 in Stealth
   332 | D:1      | Reached XP level 2. HP: 15/15 MP: 1/3
   760 | D:1      | Reached skill level 6 in Stealth
   760 | D:1      | Reached XP level 3. HP: 1/18 MP: 0/4
   820 | D:2      | Slain by a goblin

Vault maps used:
D:1:      lemuel_arrival_broad_hall
D:2:      kennysheep_vampire_church

Skill      XL: |  1  2 |
---------------+-------+-----
Stealth        | 5 6 |  6.3
Fighting       | |  1.7
Short Blades   | |  1.7
Throwing       | |  1.7
Dodging        | |  0.7

Action                   || total
-------------------------++-------
Melee: Dagger            ||    67
       Bite              ||    14
  Use: Potion            ||     1
 Stab: Sleeping          ||     5
Armor: Robe              ||     7
Dodge: Dodged            ||    35
